General information
			
			
        
        - name: BNet
 
        - type: Ladder team game (AT/RT)
 
        - host: Battle.net
 
        - saver: GoodNaturedBoy
 
        
map: Friends 
        - players: 8
 
        - length: 25:14
 
        - speed: Fast
 - version: 1.22 W3XP
 - replay type:  Public
 
» download(184 KB)
Players
        team 1 (loser) 
              
              
» 
F.u.c.k.u.again (
teal | 50 APM | 1233 actions | 24:48)
              
 5 Keeper of the Grove 
 2 Entangling Roots
 3 Force of Nature
 5 Priestess of the Moon 
 2 Scout
 3 Trueshot Aura
 
                » actions 
                
                | Assign group hotkey | 23 |  | 
| Basic commands | 5 |  | 
| Build / train | 64 |  | 
| ESC pressed | 2 |  | 
| Enter build submenu | 13 |  | 
| Enter hero's abilities submenu | 12 |  | 
| Give item / drop item | 3 |  | 
| Remove unit from queue | 1 |  | 
| Right click | 391 |  | 
| Select / deselect | 267 |  | 
| Select group hotkey | 378 |  | 
| Use ability | 74 |  | 
                1233 total
 » units 
                
                | Wisp | 11 |  | 
| Dryad | 6 |  | 
| Hippogryph | 11 |  | 
| Druid of the Claw | 2 |  | 
                30 total
 » upgrades
                
                | Ultravision | 1 |  | 
| Abolish Magic | 1 |  | 
| Druid of the Claw Training | 2 |  | 
| Strength of the Wild | 2 |  | 
| Reinforced Hides | 3 |  | 
| Well Spring | 1 |  | 
| Mark of the Claw | 1 |  | 
                11 total
 » buildings
                
                | Altar of Elders | 1 |  | 
| Moon Well | 7 |  | 
| Tree of Ages | 1 |  | 
| Hunter's Hall | 1 |  | 
| Ancient of Lore | 2 |  | 
| Ancient of Wonders | 1 |  | 
| Tree of Eternity | 1 |  | 
| Ancient of Wind | 1 |  | 
                15 total
 » build order
                01:09 Altar of Elders
01:19 Moon Well
01:53 Tree of Ages
03:10 Hunter's Hall
03:51 Moon Well
04:23 Ancient of Lore
04:55 Ancient of Lore
05:40 Moon Well
06:30 Ancient of Wonders
07:58 Moon Well
08:43 Tree of Eternity
09:02 Moon Well
09:27 Ancient of Wind
11:21 Moon Well
17:45 Moon Well
» items
                
                | Scroll of Town Portal | 5 |  | 
| Potion of Healing | 3 |  | 
                8 total
  
               
              
              
» 
peondeath (
red | 37 APM | 922 actions | 25:13)
              
 4 Keeper of the Grove 
 2 Force of Nature
 2 Entangling Roots
 
                » actions 
                
                | Assign group hotkey | 2 |  | 
| Basic commands | 142 |  | 
| Build / train | 72 |  | 
| Enter build submenu | 24 |  | 
| Enter hero's abilities submenu | 3 |  | 
| Right click | 284 |  | 
| Select / deselect | 311 |  | 
| Select group hotkey | 43 |  | 
| Use ability | 41 |  | 
                922 total
 » units 
                
                | Wisp | 23 |  | 
| Archer | 22 |  | 
| Huntress | 13 |  | 
| Hippogryph | 3 |  | 
                61 total
 » upgrades
                
                | Improved Bows | 1 |  | 
| Strength of the Moon | 2 |  | 
                3 total
 » buildings
                
                | Altar of Elders | 1 |  | 
| Ancient of War | 3 |  | 
| Moon Well | 6 |  | 
| Tree of Ages | 2 |  | 
| Hunter's Hall | 1 |  | 
| Tree of Life | 2 |  | 
| Ancient Protector | 4 |  | 
| Ancient of Wind | 3 |  | 
                22 total
 » build order
                00:14 Altar of Elders
00:22 Ancient of War
00:34 Moon Well
01:33 Moon Well
03:10 Ancient of War
04:02 Tree of Ages
04:32 Moon Well
06:58 Hunter's Hall
07:41 Moon Well
10:22 Moon Well
12:47 Tree of Life
14:06 Ancient Protector
14:13 Ancient Protector
16:45 Tree of Ages
16:54 Ancient of War
16:57 Ancient Protector
17:25 Ancient Protector
19:15 Ancient of Wind
19:26 Moon Well
24:10 Tree of Life
24:41 Ancient of Wind
24:47 Ancient of Wind
» items
                 
               
              
              
k1200 (
orange | 42 APM | 1039 actions | 24:52)
              
 3 Demon Hunter 
 1 Evasion
 2 Mana Burn
 
                » actions 
                
                | Assign group hotkey | 17 |  | 
| Basic commands | 50 |  | 
| Build / train | 74 |  | 
| Enter build submenu | 18 |  | 
| Enter hero's abilities submenu | 3 |  | 
| Remove unit from queue | 11 |  | 
| Right click | 445 |  | 
| Select / deselect | 281 |  | 
| Select group hotkey | 98 |  | 
| Use ability | 42 |  | 
                1039 total
 » units 
                
                | Wisp | 19 |  | 
| Archer | 8 |  | 
| Huntress | 8 |  | 
| Dryad | 19 |  | 
                54 total
 » upgrades
                
                | Strength of the Wild | 2 |  | 
| Reinforced Hides | 2 |  | 
| Abolish Magic | 1 |  | 
                5 total
 » buildings
                
                | Altar of Elders | 1 |  | 
| Moon Well | 7 |  | 
| Ancient of War | 1 |  | 
| Hunter's Hall | 2 |  | 
| Tree of Ages | 1 |  | 
| Ancient Protector | 3 |  | 
| Ancient of Lore | 2 |  | 
| Ancient of Wonders | 1 |  | 
                18 total
 » build order
                00:06 Altar of Elders
00:13 Moon Well
00:19 Ancient of War
01:48 Moon Well
02:37 Hunter's Hall
03:07 Hunter's Hall
06:17 Moon Well
06:22 Moon Well
08:19 Tree of Ages
09:05 Ancient Protector
09:14 Moon Well
09:26 Moon Well
11:03 Ancient of Lore
11:32 Ancient of Lore
17:20 Ancient Protector
17:27 Moon Well
17:35 Ancient Protector
23:09 Ancient of Wonders
 
               
              
              
STFE_BR (
green | 98 APM | 2451 actions | 25:07)
              
 2 Blademaster 
 1 Wind Walk
 1 Mirror Image
 4 Far Seer 
 2 Feral Spirit
 1 Chain Lighting
 1 Far Sight
 
                » actions 
                
                | Assign group hotkey | 16 |  | 
| Basic commands | 3 |  | 
| Build / train | 53 |  | 
| ESC pressed | 12 |  | 
| Enter build submenu | 22 |  | 
| Enter hero's abilities submenu | 6 |  | 
| Right click | 979 |  | 
| Select / deselect | 392 |  | 
| Select group hotkey | 899 |  | 
| Use ability | 69 |  | 
                2451 total
 » units 
                
                | Peon | 6 |  | 
| Grunt | 9 |  | 
| Troll Headhunter/Berserker | 12 |  | 
                27 total
 » upgrades
                
                | Armor | 1 |  | 
| Ranged Weapons | 2 |  | 
| Troll Regeneration | 1 |  | 
                4 total
 » buildings
                
                | Altar of Storms | 1 |  | 
| Orc Burrow | 4 |  | 
| Barracks | 1 |  | 
| War Mill | 2 |  | 
| Voodoo Lounge | 1 |  | 
| Watch Tower | 4 |  | 
| Stronghold | 3 |  | 
| Fortress | 1 |  | 
| Great Hall | 2 |  | 
                19 total
 » build order
                00:07 Altar of Storms
00:16 Orc Burrow
01:24 Orc Burrow
01:32 Barracks
02:25 War Mill
02:43 Voodoo Lounge
05:24 Watch Tower
06:01 Watch Tower
06:34 Stronghold
07:10 Watch Tower
08:46 Orc Burrow
09:09 Orc Burrow
14:03 Fortress
14:41 Watch Tower
15:53 Great Hall
16:33 War Mill
17:28 Great Hall
20:41 Stronghold
21:04 Stronghold
» items
                
                | Healing Salve | 3 |  | 
| Scroll of Speed | 1 |  | 
| Lesser Clarity Potion | 1 |  | 
                5 total
  
               team 2 (winner) 
              
              
» 
GoodNaturedBoy (
yellow | 135 APM | 3405 actions | 25:14)
              
 7 Far Seer 
 3 Feral Spirit
 3 Chain Lighting
 1 Earth Quake
 6 Shadow Hunter 
 3 Hex
 2 Healing Wave
 1 Big Bad Voodoo
 
                » actions 
                
                | Assign group hotkey | 48 |  | 
| Basic commands | 240 |  | 
| Build / train | 67 |  | 
| Enter build submenu | 11 |  | 
| Enter hero's abilities submenu | 15 |  | 
| Give item / drop item | 2 |  | 
| Right click | 1590 |  | 
| Select / deselect | 768 |  | 
| Select group hotkey | 545 |  | 
| Use ability | 118 |  | 
                3405 total
 » units 
                
                | Peon | 7 |  | 
| Grunt | 2 |  | 
| Forest Troll Berserker | 4 |  | 
| Wind Rider | 10 |  | 
| Mud Golem | 3 |  | 
| Goblin Zeppelin | 1 |  | 
                27 total
 » upgrades
                
                | Ranged Weapons | 3 |  | 
| Envenomed Spears | 1 |  | 
| Armor | 1 |  | 
                5 total
 » buildings
                
                | Altar of Storms | 1 |  | 
| Orc Burrow | 4 |  | 
| Barracks | 1 |  | 
| Voodoo Lounge | 1 |  | 
| Stronghold | 1 |  | 
| War Mill | 1 |  | 
| Beastiary | 2 |  | 
| Fortress | 1 |  | 
| Great Hall | 1 |  | 
                13 total
 » build order
                00:04 Altar of Storms
00:08 Orc Burrow
00:42 Barracks
01:40 Orc Burrow
01:55 Voodoo Lounge
03:42 Stronghold
03:44 War Mill
04:25 Orc Burrow
05:37 Orc Burrow
06:28 Beastiary
06:31 Beastiary
08:51 Fortress
23:07 Great Hall
» items
                
                | Healing Salve | 4 |  | 
| Lesser Clarity Potion | 8 |  | 
| Scroll of Town Portal | 4 |  | 
| Potion of Mana | 2 |  | 
                18 total
  
               
              
              
» 
tHe_anGry_noOB (
purple | 72 APM | 1810 actions | 25:13)
              
 4 Blademaster 
 2 Wind Walk
 2 Critical Strike
 
                » actions 
                
                | Assign group hotkey | 50 |  | 
| Build / train | 65 |  | 
| Enter build submenu | 19 |  | 
| Enter hero's abilities submenu | 4 |  | 
| Remove unit from queue | 1 |  | 
| Right click | 1309 |  | 
| Select / deselect | 207 |  | 
| Select group hotkey | 83 |  | 
| Use ability | 72 |  | 
                1810 total
 » units 
                
                | Peon | 10 |  | 
| Raider | 12 |  | 
| Troll Batrider | 4 |  | 
                26 total
 » upgrades
                
                | Spiked Barricades | 3 |  | 
| Ranged Weapons | 2 |  | 
| Melee Weapons | 3 |  | 
| Pillage | 1 |  | 
| Armor | 3 |  | 
| Ensnare | 1 |  | 
| Reinforced Defenses | 1 |  | 
| Liquid Fire | 1 |  | 
                15 total
 » buildings
                
                | Altar of Storms | 1 |  | 
| War Mill | 2 |  | 
| Orc Burrow | 8 |  | 
| Watch Tower | 3 |  | 
| Voodoo Lounge | 1 |  | 
| Stronghold | 1 |  | 
| Beastiary | 3 |  | 
| Fortress | 1 |  | 
                20 total
 » build order
                00:40 Altar of Storms
00:45 War Mill
00:57 Orc Burrow
02:01 Orc Burrow
02:24 Orc Burrow
02:46 Watch Tower
03:07 Orc Burrow
03:20 Voodoo Lounge
03:35 Watch Tower
03:58 Watch Tower
04:34 Orc Burrow
04:58 Stronghold
06:53 War Mill
07:27 Beastiary
07:30 Beastiary
07:34 Beastiary
08:47 Orc Burrow
09:33 Orc Burrow
14:57 Fortress
21:10 Orc Burrow
» items
                
                | Lesser Clarity Potion | 3 |  | 
| Healing Salve | 4 |  | 
| Scroll of Speed | 5 |  | 
| Orb of Lightning | 2 |  | 
| Tiny Great Hall | 1 |  | 
| Scroll of Town Portal | 1 |  | 
                16 total
  
               
              
              
goooooo (
pink | 11 APM | 288 actions | 25:13)
              
 2 Dreadlord 
 1 Carrion Swarm
 1 Sleep
 
                » actions 
                
                | Assign group hotkey | 2 |  | 
| Build / train | 51 |  | 
| Enter build submenu | 13 |  | 
| Enter hero's abilities submenu | 2 |  | 
| Remove unit from queue | 3 |  | 
| Right click | 90 |  | 
| Select / deselect | 112 |  | 
| Use ability | 15 |  | 
                288 total
 » units 
                
                | Acolyte | 2 |  | 
| Ghoul | 2 |  | 
| Crypt Fiend | 26 |  | 
| Gargoyle | 5 |  | 
| Necromancer | 9 |  | 
                44 total
 » buildings
                
                | Crypt | 1 |  | 
| Graveyard | 1 |  | 
| Ziggurat | 7 |  | 
| Altar of Darkness | 1 |  | 
| Halls of the Dead | 1 |  | 
| Temple of the Damned | 1 |  | 
                12 total
 » build order
                00:52 Crypt
01:00 Graveyard
02:02 Ziggurat
02:39 Ziggurat
02:45 Ziggurat
03:25 Altar of Darkness
08:48 Ziggurat
08:50 Ziggurat
08:57 Ziggurat
10:53 Halls of the Dead
13:28 Temple of the Damned
22:08 Ziggurat
 
               
              
              
» 
thefivereturns (
blue | 31 APM | 780 actions | 25:13)
              
 5 Priestess of the Moon 
 3 Trueshot Aura
 2 Searing Arrows
 
                » actions 
                
                | Assign group hotkey | 13 |  | 
| Basic commands | 63 |  | 
| Build / train | 92 |  | 
| Enter build submenu | 19 |  | 
| Enter hero's abilities submenu | 5 |  | 
| Right click | 289 |  | 
| Select / deselect | 204 |  | 
| Select group hotkey | 50 |  | 
| Use ability | 45 |  | 
                780 total
 » units 
                
                | Wisp | 16 |  | 
| Archer | 7 |  | 
| Huntress | 27 |  | 
| Druid of the Claw | 24 |  | 
                74 total
 » upgrades
                
                | Strength of the Wild | 3 |  | 
| Druid of the Claw Training | 2 |  | 
| Reinforced Hides | 3 |  | 
| Well Spring | 1 |  | 
| Mark of the Claw | 1 |  | 
                10 total
 » buildings
                
                | Moon Well | 9 |  | 
| Altar of Elders | 1 |  | 
| Ancient of War | 2 |  | 
| Hunter's Hall | 1 |  | 
| Ancient Protector | 4 |  | 
| Tree of Ages | 1 |  | 
| Ancient of Lore | 2 |  | 
| Tree of Eternity | 1 |  | 
                21 total
 » build order
                00:23 Moon Well
00:35 Altar of Elders
01:06 Ancient of War
01:45 Moon Well
02:10 Ancient of War
02:32 Moon Well
03:09 Hunter's Hall
03:39 Moon Well
04:26 Ancient Protector
06:08 Moon Well
06:20 Ancient Protector
07:22 Tree of Ages
07:49 Moon Well
08:48 Ancient Protector
09:12 Moon Well
10:24 Moon Well
10:39 Ancient of Lore
10:45 Ancient of Lore
12:09 Moon Well
13:32 Ancient Protector
16:48 Tree of Eternity
 
                Chat log
          
(05:50 / Allies) GoodNaturedBoy: out
(07:54 / Allies) GoodNaturedBoy: come
(18:41 / Allies) thefivereturns: back up
(20:24 / Allies) goooooo: com here
(20:39 / Allies) goooooo: with your men
(21:25 / Allies) tHe_anGry_noOB: HIT PINK
(21:40 / Allies) goooooo: meet me here
(21:47 / Allies) GoodNaturedBoy: no
(23:25 / Allies) GoodNaturedBoy: im halling o
(23:26 / Allies) GoodNaturedBoy: oj
(24:17 / Allies) goooooo: help
(24:42 / All) F.u.c.k.u.again: gg yellow